[Event "Late-Titled-Tuesday-Blitz-April-16-2024"]
[Site "Chess.com"]
[Date "2024.04.16"]
[Round "1"]
[White "ckgchess"]
[Black "momotaro77"]
[Result "1/2-1/2"]
[WhiteElo "2919"]
[BlackElo "2522"]
[TimeControl "180+1"]
[EndTime "14:09:11 PDT"]
[Termination "Game drawn - insufficient material"]

1. c4 e5 2. d3 Nc6 3. Nf3 Nf6 4.
a3 a5 5. Nc3 g6 6. Bg5 Bg7 7. e3 O-O 8. Be2 d6 9. O-O h6 10. Bxf6 Bxf6 11. Rb1 Be6 12. b4 axb4 13. axb4 Qd7 14. b5 Nd8 15. Nd2 Bg7 16. Qc2 f5 17.
Ra1 Nf7 18. Bf3 c6 19. bxc6 bxc6 20. Rfb1 d5 21. cxd5 cxd5 22. Rxa8 Rxa8 23. Be2 Rc8 24. Qb2 d4 25. exd4 Qxd4 26. Nd1 Qxb2 27. Rxb2 e4 28. Rb6 Rc2 29. Rxe6 Rxd2 30. Kf1 exd3 31. Bf3 Ne5 32. Ne3 Nxf3 33. gxf3 Bd4 34. Rxg6+ Kh7 35. Rd6 Bxe3 36. fxe3 h5 37. h4 Kg7 38. Ke1 Re2+ 39. Kf1 Rxe3 40. Kf2 f4 41. Rd4 Re2+ 42. Kf1 Rh2 43. Rxd3 Rxh4 44. Kg2 Kg6 45. Rd5 Kh6 46. Rd6+ Kg5 47. Rc6 Kf5 48. Rb6 Kg5 49. Rb8 Kf5 50. Rg8 Kf6 51. Rf8+ Kg5 52. Rf7 Kg6 53. Ra7 Kg5 54.
Ra5+ Kg6 55. Rb5 Kh6 56. Rb4 Kg5 57. Ra4 Kh6 58. Kg1 Rh3 59. Rxf4 Kg5 60. Rf8 Kh4 61. Kg2 Rg3+ 62. Kf2 Rg7 63. Rh8 Rg5 64. f4 Rg7 65. Kf3 Rf7 66. Ke4 Kg4 67. Rg8+ Kh3 68. f5 h4 69. Ke5 Kh2 70. Ke6 Ra7 71. f6 h3 72. Rg7 Ra6+ 73. Ke5 Rxf6 74. Kxf6 Kh1 75. Kf5 h2 76. Kg4 Kg2 77. Kf4+ Kf2 78. Rh7 Kg2 79. Ke3 h1=Q 80. Rxh1 Kxh1 1/2-1/2

[Event "Late-Titled-Tuesday-Blitz-April-16-2024"]
[Site "Chess.com"]
[Date "2024.04.16"]
[Round "1"]
[White "nihalsarin"]
[Black "jaskol95"]
[Result "1/2-1/2"]
[WhiteElo "3136"]
[BlackElo "2545"]
[TimeControl "180+1"]
[EndTime "14:09:34 PDT"]
[Termination "Game drawn by repetition"]

1. Na3 Nf6 2. Nh3 d5 3. g3 c6 4. c4 Bf5 5. Bg2 e6 6. O-O Nbd7 7.
cxd5 exd5 8. d3 Be7 9. Nc2 O-O 10. Nf4 Re8 11. Nd4 Bg6 12. Nxg6 hxg6 13. Qc2 Qb6 14. Nf3 Bd6 15. Rd1 Bc5 16. e3 Rad8 17. Bd2 Bb4 18. Bxb4 Qxb4 19. a3 Qd6 20. b4 Ne5 21. Nd4 Neg4 22.
Rac1 a6 23. Qc5 Qe5 24. h3 Nxf2 25. Kxf2 Qxe3+ 26. Kf1 Nh5 27. Bf3 Nxg3+ 28. Kg2 Nh5 29. Bxh5 gxh5 30. Nf3 Qf4 31. Re1 Rxe1 32. Rxe1 Rd6 33.
Re8+ Kh7 34. Qe3 Rg6+ 35. Kf2 Qg3+ 36. Ke2 Qg2+ 37. Kd1 Rg3 38. Qe2 Qxf3 39. Qxf3 Rxf3 40. Ke2 Rxh3 41. Re7 Rh2+ 42. Ke3 Ra2 43. Rxf7 Rxa3 44.
Rxb7 Kh6 45. Rb6 Kg5 46. Rxc6 Ra4 47. Rc5 Rxb4 48. Rxd5+ Kg4 49. Rd6 g5 50. Rxa6 Kg3 51. Ra5 Rg4 52. d4 h4 53. Ra1 h3 54. Rg1+ Kh4 55.
Rd1 h2 56. Kf2 Kh3 57. Rd3+ Kh4 58. Rd1 Rf4+ 59. Kg2 g4 60. Kxh2 g3+ 61. Kg1 Kh3 62. d5 Rf7 63. Rd4 Ra7 64. Rd1 Rd7 65. Rd4 Ra7 66. Rd1 Rd7 67. d6 Kg4 68. Kg2 Kf4 69. Rd2 Ke5 70. Kxg3 Rxd6 71. Re2+ Kd5 72. Kf4 Rf6+ 73.
Kg5 Rd6 74. Kf5 Kc6 75. Ke5 Rd5+ 76. Ke4 Rd6 77. Rc2+ Kd7 78. Rh2 Re6+ 79. Kf5 Rc6 80. Ra2 Rc5+ 81. Ke4 Rh5 82. Kd4 Kc6 83. Ra6+ Kc7 84.
Rg6 Rf5 85. Rh6 Rg5 86. Ke4 Ra5 87. Rg6 Rb5 88. Rg7+ Kd6 89. Kd4 Rb4+ 90. Kc3 Rh4 91. Rg6+ Kc5 92. Ra6 Kb5 93. Rf6 Kc5 94. Kd3 Kd5 95.
Ra6 Kc5 96. Ke3 Rh3+ 97. Kf4 Rh4+ 98. Kf5 Rh5+ 99. Ke4 Rh4+ 100. Ke5 Rh5+ 101. Kf4 Rh4+ 102. Kg3 Rh8 103. Kf4 Rh4+ 1/2-1/2

[Event "Late-Titled-Tuesday-Blitz-April-16-2024"]
[Site "Chess.com"]
[Date "2024.04.16"]
[Round "1"]
[White "Fins0905"]
[Black "Nemsko"]
[Result "1/2-1/2"]
[WhiteElo "2769"]
[BlackElo "2435"]
[TimeControl "180+1"]
[EndTime "14:09:50 PDT"]
[Termination "Game drawn - insufficient material"]

1. Nf3 Nf6 2. c4 e6 3. Nc3 d5 4. d4 Be7 5. cxd5 exd5 6. Bg5 c6 7.
e3 h6 8. Bh4 O-O 9. Bd3 Be6 10.
O-O Nbd7 11. h3 Re8 12. Bg3 Nf8 13. Ne5 Rc8 14. Rc1 a6 15. Na4 N8d7 16. Nxd7 Nxd7 17. a3 Bh4 18. Bh2 Be7 19. b4 b5 20. Nc5 Nxc5 21. bxc5 a5 22. a4 Qd7 23. f4 Bf5 24. axb5 cxb5 25.
c6 Qe6 26. Bxb5 Qxe3+ 27. Kh1 Bb4 28. Rf3 Qe7 29. Qf1 Rc7 30. Bg3 Be4 31. Rf2 f5 32.
Kh2 Rb8 33. Ba4 Qd6 34. Qa6 Rbc8 35. Rff1 Kh7 36. Qe2 Re7 37. Qf2 Rec7 38. Bh4 Rb8 39. Qe3 Ba3 40. Rc3 Bb4 41. Rb3 Re8 42. Qf2 Re6 43. Bg3 Rg6 44. Rc1 Re6 45. Re3 Rg6 46.
Kh1 Re6 47. Bh2 Qe7 48. Bg3 Bxg2+ 49. Kxg2 Rxe3 50. Rc2 Be1 51. Bh4 Qxh4 52. Qxe3 Bb4 53. Rf2 Bd6 54. Qd3 Qf6 55. Qf3 Qg6+ 56. Qg3 Qf6 57. Bc2 g6 58. Re2 Rxc6 59. Qf3 Qxd4 60. Bd3 Rc7 61. Bb1 Re7 62. Ba2 Rxe2+ 63. Qxe2 Qe4+ 64. Qf3 Qxf3+ 65. Kxf3 Bc5 66. Bxd5 Kg7 67. Bb3 Kf6 68. Ba4 g5 69. Bb3 Bd6 70. fxg5+ hxg5 71. Ba2 Ke5 72. Bb1 Be7 73. Bc2 f4 74. Bb1 a4 75.
Ba2 a3 76. Bb3 Bf6 77. Ba2 Be7 78. Bb3 Kf5 79. Ba2 Kg6 80. Bb3 Kh5 81. Ba2 Kh4 82. Kg2 Bd6 83. Be6 Be5 84. Bd5 Bd4 85. Be6 Be5 86. Bd5 Kh5 87. Be6 Kg6 88. Ba2 Kf6 89.
Kf3 Kg6 90. Bb3 Bf6 91. Ba2 Kf5 92. Bb3 Ke5 93. Ba2 Kd4 94. h4 gxh4 95. Kxf4 Kc3 96. Kg4 Kb2 97. Be6 Kc3 98. Kh3 Kd4 99. Kg2 Ke5 100.
Ba2 Kf4 101. Kh1 Kg3 102. Bb3 h3 103. Ba2 Kh4 104. Bb3 Be5 105. Ba2 Bd4 106. Bb3 Bf2 107. Ba2 Bg3 108. Bb3 h2 109. Ba2 Kg4 110. Bb3 Kf3 111. Ba2 Kf2 112. Bb3 Ke1 113. Ba2 Kd2 114. Bc4 Kc3 115. Ba2 Kb2 116. Bc4 Kc3 117. Ba2 Be5 118. Bd5 Kb2 119. Be6 a2 120. Bxa2 Kxa2 121. Kg2 h1=Q+ 122. Kxh1 1/2-1/2

[Event "Late-Titled-Tuesday-Blitz-April-16-2024"]
[Site "Chess.com"]
[Date "2024.04.16"]
[Round "1"]
[White "PositionalPanther"]
[Black "GM_dmitrij"]
[Result "1-0"]
[WhiteElo "2526"]
[BlackElo "2986"]
[TimeControl "180+1"]
[EndTime "14:10:17 PDT"]
[Termination "PositionalPanther won by resignation"]

1. Nf3 Nf6 2. g3 g6 3. b3 Bg7 4.
Bb2 O-O 5. Bg2 d5 6. c4 Nc6 7. O-O d4 8. e3 e5 9. exd4 exd4 10. Re1 Bf5 11. Nh4 Bg4 12. f3 Be6 13. f4 Bg4 14.
Nf3 Qd7 15. d3 Bh3 16. Nbd2 Bxg2 17. Kxg2 Ng4 18. Nf1 Rfe8 19. Qd2 Ne3+ 20. Nxe3 dxe3 21. Qe2 Bxb2 22. Qxb2 Qxd3 23. Re2 Rad8 24. Rae1 Nd4 25. Nxd4 Rxd4 26. Qc2 Kg7 27. Qxd3 Rxd3 28. Kf3 Kf6 29.
Rxe3 Rexe3+ 30. Rxe3 Rd1 31. Re2 h5 32. h3 Rg1 33. g4 h4 34. g5+ Kg7 35. Re7 Rg3+ 36. Kf2 Rxh3 37. Rxc7 Rh2+ 38. Kf3 Rxa2 39. Kg4 b6 40.
Kxh4 Ra3 41. b4 Ra4 42. b5 Kf8 43. Kg4 Ra1 44. Kf3 Ke8 45. Ke4 a6 46. bxa6 Rxa6 47.
Kd5 Ra5+ 48. Ke4 Ra4 49. Kd4 b5 50. Rc5 b4 51. Rb5 Kd7 52. Kd5 Kc7 53. Rc5+ Kd7 54. Rb5 Kc7 55. Rc5+ Kb6 56. Rc6+ Kb7 57. Rf6 b3 58.
Rxf7+ Ka6 59. Rf8 Kb7 60. Rf7+ Kb6 61. c5+ Ka6 62. Rf6+ Ka5 63. Rb6 Rb4 64. Rxb4 Kxb4 65. c6 b2 66. c7 b1=Q 67. c8=Q Qd3+ 68. Ke5 Qe3+ 69. Kd5 Qxf4 70. Qb7+ Kc3 71. Qc6+ Kd2 72. Qf6 Qg4 73. Qxg6 Qg2+ 74. Ke5 Qg3+ 75. Kf6 Qd6+ 76.
Kg7 Qe7+ 77. Kh6 Qf8+ 78. Qg7 Qf4 79. Qf6 Qh4+ 80. Kg6 Qe4+ 81. Kg7 Kc1 82. g6 Kb1 83. Kf7 Qd5+ 84. Qe6 Qf3+ 85. Ke7 Qb7+ 86. Kf8 Qf3+ 87. Qf7 Qa8+ 88. Kg7 Qg2 89. Kh7 Qh3+ 90. Kg8 Qc8+ 91.
Qf8 Qe6+ 92. Kg7 Qe5+ 93. Qf6 Qc7+ 94. Kh6 Qh2+ 95. Kg7 Qc7+ 96. Qf7 Qe5+ 97. Kf8 Qb8+ 98. Ke7 Qc7+ 99. Kf6 Qf4+ 100. Ke6 Qe4+ 101. Kd6 Qb4+ 102. Kd7 Qb5+ 103. Ke6 Qc4+ 104. Kd6 Qb4+ 105. Kc7 Qc5+ 106. Kb8 Qd6+ 107. Kc8 Qc6+ 108. Kd8 Qd6+ 109. Ke8 Qb8+ 110. Ke7 Qe5+ 111. Qe6 Qc7+ 112. Kf6 Qf4+ 113. Qf5+ 1-0

[Event "Late-Titled-Tuesday-Blitz-April-16-2024"]
[Site "Chess.com"]
[Date "2024.04.16"]
[Round "2"]
[White "cedchass2006"]
[Black "Lupul_Cenusiu"]
[Result "1-0"]
[WhiteElo "2403"]
[BlackElo "2719"]
[TimeControl "180+1"]
[EndTime "14:12:19 PDT"]
[Termination "cedchass2006 won by checkmate"]

1. e4 c6 2. d4 d5 3. e5 Bf5 4. Nf3 e6 5. Be2 c5 6. Be3 Qb6 7. Nc3 Nc6 8. O-O c4 9. Nh4 Nge7 10. Bxc4 dxc4 11. d5 Qxb2 12. dxc6 Qxc3 13. Qd7# 1-0

[Event "Late-Titled-Tuesday-Blitz-April-16-2024"]
[Site "Chess.com"]
[Date "2024.04.16"]
[Round "2"]
[White "wadsy27"]
[Black "sergiochess83"]
[Result "0-1"]
[WhiteElo "2614"]
[BlackElo "2963"]
[TimeControl "180+1"]
[EndTime "14:12:54 PDT"]
[Termination "sergiochess83 won by resignation"]

1. Nf3 d5 2. g3 c6 3. Bg2 Bg4 4. c4 e6 5. cxd5 exd5 6. h3 Bh5 7. O-O Nf6 8. d3 Bc5 9. a3 O-O 10. b4 Bb6 11. Bb2 Nbd7 12. Nbd2 Re8 13. Bd4 Qe7 14.
Re1 Nf8 15. g4 Bg6 16. Nh4 Bxd4 0-1

[Event "Late-Titled-Tuesday-Blitz-April-16-2024"]
[Site "Chess.com"]
[Date "2024.04.16"]
[Round "2"]
[White "giomar27"]
[Black "DraningWaterHi"]
[Result "1-0"]
[WhiteElo "2482"]
[BlackElo "2221"]
[TimeControl "180+1"]
[EndTime "14:12:58 PDT"]
[Termination "giomar27 won by resignation"]

1. Nf3 Nf6 2. g3 g6 3. b3 Bg7 4. Bb2 O-O 5. Bg2 d6 6. d4 e5 7. dxe5 Nfd7 8. c4 dxe5 9. O-O c6 10. Nc3 Na6 11. a3 h6 12. b4 Nc7 13. Qc2 f5 14. Rad1 Ne6 15. Rd2 Qf6 16. e4 f4 17. Rfd1 Rf7 18.
Ne2 Ng5 19. gxf4 Qxf4 20. Nxf4 Nxf3+ 21. Bxf3 Rxf4 22. Bg2 Nf6 23. Bxe5 1-0

[Event "Late-Titled-Tuesday-Blitz-April-16-2024"]
[Site "Chess.com"]
[Date "2024.04.16"]
[Round "2"]
[White "Brahianzevich"]
[Black "ChEsper99"]
[Result "0-1"]
[WhiteElo "2463"]
[BlackElo "2215"]
[TimeControl "180+1"]
[EndTime "14:13:08 PDT"]
[Termination "ChEsper99 won by resignation"]

1. e4 c6 2. d4 d5 3. Nc3 dxe4 4.
Nxe4 Nf6 5. Nxf6+ exf6 6. c3 Bd6 7. Nf3 O-O 8. Be2 Re8 9. O-O Bf5 10. h3 Nd7 11. a4 a5 12. Qb3 Qc7 13. Bc4 Be6 14. Bxe6 Rxe6 15. d5 cxd5 16. Qxd5 Nb6 17. Qb3 Qc4 18. Qxb6 Bh2+ 19. Nxh2 Rxb6 20. Nf3 Re8 0-1

[Event "Late-Titled-Tuesday-Blitz-April-16-2024"]
[Site "Chess.com"]
[Date "2024.04.16"]
[Round "2"]
[White "miraitrunks"]
[Black "FizzyBand"]
[Result "0-1"]
[WhiteElo "2206"]
[BlackElo "2549"]
[TimeControl "180+1"]
[EndTime "14:13:14 PDT"]
[Termination "FizzyBand won by resignation"]

1. e4 c5 2. Nc3 Nc6 3. Nge2 g6 4.
g3 Bg7 5. Bg2 d6 6. O-O e5 7. d3 Nge7 8. f4 O-O 9. a4 f5 10.
Be3 Nd4 11. Nd5 Nxd5 12. exd5 Nxe2+ 13. Qxe2 exf4 14. Bxf4 Bxb2 15. Rab1 Bd4+ 16. Kh1 Re8 17. Qf3 b6 18. Rbe1 Bd7 19. Rxe8+ Bxe8 20. Re1 Bf7 21. g4 Qh4 22. gxf5 Qxe1+ 0-1

[Event "Late-Titled-Tuesday-Blitz-April-16-2024"]
[Site "Chess.com"]
[Date "2024.04.16"]
[Round "2"]
[White "cristiano78"]
[Black "Bryanl106"]
[Result "0-1"]
[WhiteElo "2286"]
[BlackElo "2700"]
[TimeControl "180+1"]
[EndTime "14:13:33 PDT"]
[Termination "Bryanl106 won by resignation"]

1. d4 Nf6 2. c4 g6 3. Nf3 c5 4. d5 Bg7 5. Nc3 O-O 6. h3 d6 7. e4 e6 8. Bd3 Na6 9. O-O Nc7 10. a4 e5 11. b3 a5 12. Nb5 Nxb5 13. axb5 b6 14. Bd2 Rb8 15. Bc3 Nh5 16. Nh2 Nf4 17.
Qf3 f5 18. Qe3 fxe4 19. Bxe4 Bf5 20. f3 Qg5 21. Ng4 h5 22. g3 hxg4 23. gxf4 exf4 24. Qd2 gxf3+ 25. Kh1 Bxe4 26. Bxg7 f2+ 0-1

[Event "Late-Titled-Tuesday-Blitz-April-16-2024"]
[Site "Chess.com"]
[Date "2024.04.16"]
[Round "2"]
[White "esrosenberg"]
[Black "dennisodessa"]
[Result "0-1"]
[WhiteElo "2341"]
[BlackElo "2536"]
[TimeControl "180+1"]
[EndTime "14:13:49 PDT"]
[Termination "dennisodessa won by resignation"]

1. d4 Nf6 2. Nf3 e6 3. g3 b6 4. Bg2 Bb7 5. O-O Be7 6. c4 O-O 7. Nc3 Ne4 8. Nxe4 Bxe4 9. Ne1 Bxg2 10. Nxg2 d6 11. b3 Nd7 12. d5 Bf6 13. Rb1 e5 14. e4 Nc5 15. f3 a5 16. Ne1 Bg5 17. Nd3 Bxc1 18. Rxc1 f5 19. Nxc5 bxc5 20. Qd3 f4 21. Kh1 fxg3 22. hxg3 Qg5 23. Kg2 Rf6 24. Rc2 Raf8 25.
Qd2 Qh5 26. Rc3 Rh6 27. Kf2 Qh2+ 28. Ke3 Qxg3 29. Qf2 Qf4+ 30. Kd3 Rh3 0-1

[Event "Late-Titled-Tuesday-Blitz-April-16-2024"]
[Site "Chess.com"]
[Date "2024.04.16"]
[Round "2"]
[White "PotapovaM"]
[Black "rajesh1464"]
[Result "1-0"]
[WhiteElo "2544"]
[BlackElo "2347"]
[TimeControl "180+1"]
[EndTime "14:14:03 PDT"]
[Termination "PotapovaM won by resignation"]

1. e4 c5 2. Nf3 d6 3. d4 cxd4 4. Nxd4 Nf6 5. Nc3 g6 6. f4 Nc6 7. Nxc6 bxc6 8. e5 dxe5 9. Qxd8+ Kxd8 10. fxe5 Ng4 11. Bf4 Bg7 12. O-O-O+ Ke8 13. Nb5 Bd7 14. Nc7+ Kd8 15. e6 fxe6 16. Nxe6+ Ke8 17. Nxg7+ Kf7 18. Rxd7 Nf6 19. Bc4+ 1-0

[Event "Late-Titled-Tuesday-Blitz-April-16-2024"]
[Site "Chess.com"]
[Date "2024.04.16"]
[Round "2"]
[White "english_player_89"]
[Black "GoltsevDmitry2000"]
[Result "0-1"]
[WhiteElo "2520"]
[BlackElo "2783"]
[TimeControl "180+1"]
[EndTime "14:14:05 PDT"]
[Termination "GoltsevDmitry2000 won by checkmate"]

1. e4 e6 2. d4 d5 3. exd5 exd5 4. Nf3 Nf6 5. Bd3 c5 6. Qe2+ Be7 7. dxc5 O-O 8. Be3 Nc6 9. Nd4 Re8 10. Nxc6 bxc6 11. c3 Bxc5 12. O-O Ng4 13. Bxh7+ Kh8 14. Bc2 Qh4 15.
h3 Rxe3 16. fxe3 Bxe3+ 17. Kh1 Qg3 18. hxg4 Qh4# 0-1

[Event "Late-Titled-Tuesday-Blitz-April-16-2024"]
[Site "Chess.com"]
[Date "2024.04.16"]
[Round "2"]
[White "Cluke86"]
[Black "AjedrezenMadrid"]
[Result "1/2-1/2"]
[WhiteElo "2327"]
[BlackElo "2519"]
[TimeControl "180+1"]
[EndTime "14:14:12 PDT"]
[Termination "Game drawn by repetition"]

1. e4 e5 2. Nf3 Nc6 3. d4 exd4 4. Bc4 Nf6 5. O-O Nxe4 6. Nc3 Nxc3 7. bxc3 Be7 8.
cxd4 d5 9. Bb5 Bg4 10. Qd3 O-O 11.
Bxc6 Bxf3 12. Qxf3 bxc6 13. Re1 Bf6 14. Ba3 Re8 15. Rxe8+ Qxe8 16. c3 Rb8 17. g3 h6 18.
Bc5 a5 19. a4 Rb2 20. Qf4 Bg5 21. Qxc7 Qe2 22. Rf1 Be3 23. Qc8+ Kh7 24. Qf5+ Kg8 25. Qc8+ Kh7 26. Qf5+ Kg8 27. Qc8+ 1/2-1/2

[Event "Late-Titled-Tuesday-Blitz-April-16-2024"]
[Site "Chess.com"]
[Date "2024.04.16"]
[Round "2"]
[White "dropstoneDP"]
[Black "lluiss"]
[Result "1-0"]
[WhiteElo "3056"]
[BlackElo "2120"]
[TimeControl "180+1"]
[EndTime "14:14:20 PDT"]
[Termination "dropstoneDP won by resignation"]

1. e4 c5 2. Nf3 d6 3. Bb5+ Bd7 4. Bxd7+ Nxd7 5. O-O Ngf6 6. Re1 e6 7. c4 Be7 8.
Nc3 O-O 9. d4 cxd4 10. Nxd4 a6 11. b3 Qc7 12. Bb2 Rab8 13. Rc1 Qa5 14. Qd2 Qh5 15.
h3 Rfd8 16. Rcd1 Ne5 17. f4 Nc6 18. f5 Nxd4 19. Qxd4 b5 20. fxe6 fxe6 21. cxb5 axb5 22. b4 Rdc8 23. e5 Rc4 24. Qa7 1-0

[Event "Late-Titled-Tuesday-Blitz-April-16-2024"]
[Site "Chess.com"]
[Date "2024.04.16"]
[Round "2"]
[White "rhwr"]
[Black "pedroholly22"]
[Result "0-1"]
[WhiteElo "2246"]
[BlackElo "2497"]
[TimeControl "180+1"]
[EndTime "14:14:30 PDT"]
[Termination "pedroholly22 won by resignation"]

1. e4 c5 2. Be2 e6 3. f4 d5 4. d3 Nf6 5. e5 Nfd7 6. Nf3 Be7 7.
O-O Nc6 8. c3 b5 9. Qe1 g6 10.
Be3 b4 11. Nbd2 Ba6 12. d4 Bxe2 13. Qxe2 bxc3 14. bxc3 Qc7 15. Rac1 c4 16. g4 h5 17. h3 hxg4 18. hxg4 O-O-O 19. Kg2 Nb6 20. Rh1 Na4 21. Rxh8 Rxh8 22. Qd1 Qa5 23. Qc2 Ba3 24. Re1 Nxc3 25. Ng5 Nd8 26. f5 gxf5 27. gxf5 Rg8 28. f6 Ne4 29.
Rb1 Nxg5 0-1

[Event "Late-Titled-Tuesday-Blitz-April-16-2024"]
[Site "Chess.com"]
[Date "2024.04.16"]
[Round "2"]
[White "DonkyDonkyDonkey"]
[Black "OPQRC"]
[Result "1-0"]
[WhiteElo "2911"]
[BlackElo "2590"]
[TimeControl "180+1"]
[EndTime "14:14:47 PDT"]
[Termination "DonkyDonkyDonkey won by checkmate"]

1. e4 c5 2. Nc3 e6 3. f4 d6 4. Nf3 g6 5. Bc4 Bg7 6. O-O Ne7 7. d3 Nbc6 8. Qe1 Nd4 9. Nxd4 cxd4 10. Ne2 d5 11. Bb3 dxe4 12. dxe4 b5 13. Ng3 O-O 14.
f5 exf5 15. Bg5 h6 16. Bxe7 Qxe7 17. exf5 Qg5 18. Qe4 Bxf5 19. Nxf5 Rae8 20. Bxf7+ Kxf7 21. Nxh6# 1-0

[Event "Late-Titled-Tuesday-Blitz-April-16-2024"]
[Site "Chess.com"]
[Date "2024.04.16"]
[Round "2"]
[White "Veleamater"]
[Black "SmirnovTimofey2000"]
[Result "1-0"]
[WhiteElo "2430"]
[BlackElo "1987"]
[TimeControl "180+1"]
[EndTime "14:14:49 PDT"]
[Termination "Veleamater won on time"]

1. g3 g6 2. Bg2 Bg7 3. d3 d5 4.
Nf3 c6 5. O-O Nf6 6. Nc3 O-O 7.
h3 Nbd7 8. e4 dxe4 9. dxe4 e5 10. Be3 Re8 11. Nd2 Nb6 12. f4 Be6 13. f5 Bc4 14. Rf2 Qe7 15. Bxb6 axb6 16. Nxc4 b5 17. Nd2 Red8 18. Qe2 Bh6 19. Nb3 b4 20. Nd1 c5 21. Kh2 c4 22. Qxc4 Rac8 23. Qe2 1-0

[Event "Late-Titled-Tuesday-Blitz-April-16-2024"]
[Site "Chess.com"]
[Date "2024.04.16"]
[Round "2"]
[White "pooh2012"]
[Black "GAO"]
[Result "1-0"]
[WhiteElo "2516"]
[BlackElo "2301"]
[TimeControl "180+1"]
[EndTime "14:14:51 PDT"]
[Termination "pooh2012 won by resignation"]

1. d4 Nf6 2. c4 e6 3. Nf3 Bb4+ 4. Nbd2 d5 5. e3 b6 6. Qa4+ Nc6 7. Qxc6+ Bd7 8. Qb7 O-O 9. Qa6 c5 10. cxd5 Nxd5 11.
a3 Rc8 12. Qd3 c4 13. Qb1 c3 14. axb4 c2 15. Qa2 Nxb4 16. Qb3 a5 17. Be2 e5 18. Nxe5 Be6 19. Qa3 f6 20. Nd3 Nd5 21. O-O 1-0

[Event "Late-Titled-Tuesday-Blitz-April-16-2024"]
[Site "Chess.com"]
[Date "2024.04.16"]
[Round "2"]
[White "cukus"]
[Black "ahmedkandiliii"]
[Result "1-0"]
[WhiteElo "2319"]
[BlackElo "2493"]
[TimeControl "180+1"]
[EndTime "14:14:54 PDT"]
[Termination "cukus won by checkmate"]

1. d4 Nf6 2. c4 g6 3. Nc3 Bg7 4. e4 d6 5. Nf3 Rf8 6. Be2 Nc6 7. O-O Bg4 8. Bf4 Nh5 9. Be3 e5 10. dxe5 dxe5 11. Qa4 Nf4 12. Bxf4 exf4 13. Nd5 Qd7 14. Rad1 O-O-O 15. b4 Bxf3 16. Bxf3 Nd4 17. Qxa7 Nxf3+ 18. gxf3 Qc6 19. Ne7# 1-0

[Event "Late-Titled-Tuesday-Blitz-April-16-2024"]
[Site "Chess.com"]
[Date "2024.04.16"]
[Round "2"]
[White "katharinareinecke"]
[Black "jup1978"]
[Result "0-1"]
[WhiteElo "2009"]
[BlackElo "2432"]
[TimeControl "180+1"]
[EndTime "14:14:55 PDT"]
[Termination "jup1978 won by resignation"]

1. e4 c5 2. Nf3 d6 3. Bb5+ Bd7 4. Bxd7+ Nxd7 5. O-O Ngf6 6. Re1 e6 7. c3 Be7 8. d4 O-O 9. Nbd2 cxd4 10. cxd4 Rc8 11. Nf1 Qb6 12. Ng3 Rc7 13. b3 Rfc8 14. Be3 Qa5 15.
Re2 Qa3 16. Rd2 Rc1 17. Rxc1 Rxc1 18. Qxc1 Qxc1+ 19. Nf1 Nxe4 0-1

[Event "Late-Titled-Tuesday-Blitz-April-16-2024"]
[Site "Chess.com"]
[Date "2024.04.16"]
[Round "2"]
[White "MarcoRiehle"]
[Black "tgpgoat"]
[Result "1-0"]
[WhiteElo "2739"]
[BlackElo "2424"]
[TimeControl "180+1"]
[EndTime "14:14:56 PDT"]
[Termination "MarcoRiehle won by resignation"]

1. e4 e5 2. Nf3 Nc6 3. d4 exd4 4. Bc4 Nf6 5. O-O Bc5 6. e5 d5 7. exf6 dxc4 8. fxg7 Rg8 9. Re1+ Be6 10. Bg5 Qd5 11.
Nc3 Qf5 12. Ne4 Be7 13. Bxe7 Kxe7 14. Nxd4 Nxd4 15. Qxd4 Rad8 16. Qxa7 Rxg7 17. Qxb7 Qf4 18. a4 Rxg2+ 19. Kxg2 Bd5 20. Qb4+ Ke6 21. f3 Rg8+ 22. Ng3+ Kd7 23. Qc3 h5 24. Rad1 c6 25. Re4 Qf5 26.
Qxc4 h4 27. Rxd5+ cxd5 28. Qb5+ Kd8 29. Qb8+ Kd7 30. Qxg8 dxe4 31. Nxf5 1-0

[Event "Late-Titled-Tuesday-Blitz-April-16-2024"]
[Site "Chess.com"]
[Date "2024.04.16"]
[Round "2"]
[White "Stanbad1"]
[Black "Charodej1"]
[Result "1-0"]
[WhiteElo "2616"]
[BlackElo "2302"]
[TimeControl "180+1"]
[EndTime "14:14:57 PDT"]
[Termination "Stanbad1 won by resignation"]

1. d4 Nf6 2. Nc3 d5 3. Bf4 a6 4.
e3 e6 5. Bd3 c5 6. dxc5 Bxc5 7.
Nf3 Nc6 8. O-O O-O 9. e4 Nb4 10. e5 Nxd3 11. Qxd3 Nd7 12. Ng5 g6 13. Qh3 h5 14. g4 Be7 15. Nf3 hxg4 16. Qxg4 Kg7 17. h4 Rh8 18. Bg5 Rh5 19. Rae1 b5 20. Re3 b4 21. Ne2 Nc5 22. Ng3 Rh8 23. h5 Bxg5 24. Nxg5 d4 25. Rf3 Ra7 26. Nxf7 1-0

[Event "Late-Titled-Tuesday-Blitz-April-16-2024"]
[Site "Chess.com"]
[Date "2024.04.16"]
[Round "2"]
[White "teresin05"]
[Black "RantomOpening"]
[Result "0-1"]
[WhiteElo "2337"]
[BlackElo "2535"]
[TimeControl "180+1"]
[EndTime "14:15:03 PDT"]
[Termination "RantomOpening won by resignation"]

1. e4 g6 2. d4 Bg7 3. Nc3 d6 4. f4 c5 5. d5 a6 6. Nf3 b5 7. Be3 b4 8. Na4 Nf6 9. Bd3 Qc7 10. b3 Ng4 11. Bd2 O-O 12. Rb1 e6 13. dxe6 fxe6 14. h3 Nf6 15. O-O Bb7 16. Qe2 Nbd7 17. Rbd1 d5 18.
exd5 exd5 19. Ne5 Rae8 20. Rfe1 Nxe5 21. fxe5 Ne4 22. Bxe4 Rxe5 23. Bxd5+ Bxd5 24. Qf2 Rxf2 0-1

[Event "Late-Titled-Tuesday-Blitz-April-16-2024"]
[Site "Chess.com"]
[Date "2024.04.16"]
[Round "2"]
[White "ChadBiryani"]
[Black "Agustin_Meza"]
[Result "1-0"]
[WhiteElo "2477"]
[BlackElo "2196"]
[TimeControl "180+1"]
[EndTime "14:15:04 PDT"]
[Termination "ChadBiryani won by resignation"]

1. d4 d5 2. Bf4 e6 3. e3 Bd6 4. Nf3 Bxf4 5. exf4 Nf6 6. Bd3 c5 7. c3 Nc6 8. O-O cxd4 9. cxd4 O-O 10. a4 Bd7 11.
Nc3 a6 12. Ra3 Rc8 13. Ne5 Nxe5 14. fxe5 Ne8 15. Qh5 f5 16. exf6 Nxf6 17. Qh4 Qb6 18. Nd1 Rc1 19. Rc3 Rxc3 20. bxc3 Bxa4 21. Ne3 Bd7 22.
Ng4 g6 23. Nxf6+ Rxf6 24. Qxf6 1-0

[Event "Late-Titled-Tuesday-Blitz-April-16-2024"]
[Site "Chess.com"]
[Date "2024.04.16"]
[Round "2"]
[White "Jimonios"]
[Black "cansun"]
[Result "1-0"]
[WhiteElo "2612"]
[BlackElo "2377"]
[TimeControl "180+1"]
[EndTime "14:15:05 PDT"]
[Termination "Jimonios won by resignation"]

1. Na3 e5 2. Nh3 d5 3. g3 Be6 4. Bg2 Be7 5. d3 h6 6. f4 Qd7 7. Nf2 exf4 8. gxf4 Nf6 9. c3 Ng4 10. Nc2 Bh4 11. Be3 c5 12. O-O b6 13. Nxg4 Bxg4 14.
c4 Be6 15. f5 Bxf5 16. Bxd5 Bh3 17. Bxa8 Qg4+ 18. Kh1 Bxf1 19. Qxf1 Nd7 20. Qg2 Qxg2+ 21. Kxg2 O-O 22. Bf3 Ne5 23. Bf4 Bf6 24. Rb1 Re8 25. b4 cxb4 26. Nxb4 Nxf3 27. Kxf3 g5 28. Nd5 Kg7 29. Bg3 Bd4 30. e3 Bc5 31. d4 Ba3 32.
Rb3 Bf8 33. Be5+ f6 34. Nxf6 1-0

[Event "Late-Titled-Tuesday-Blitz-April-16-2024"]
[Site "Chess.com"]
[Date "2024.04.16"]
[Round "2"]
[White "Vladimir_2020"]
[Black "picturesquecheck"]
[Result "1-0"]
[WhiteElo "2760"]
[BlackElo "2405"]
[TimeControl "180+1"]
[EndTime "14:15:07 PDT"]
[Termination "Vladimir_2020 won by resignation"]

1. e4 c5 2. Nf3 d6 3. Bb5+ Bd7 4.
Bxd7+ Qxd7 5. c4 Nc6 6. O-O g6 7. d4 cxd4 8. Nxd4 Bg7 9. Ne2 Nf6 10. Nbc3 O-O 11. f3 Rfc8 12. Be3 Na5 13. b3 a6 14.
Na4 Qe8 15. Nb6 Nd7 16. Nxc8 Bxa1 17. Nxd6 exd6 18. Qxa1 b5 19. cxb5 axb5 20. Nc3 Nxb3 21. Qb2 Nbc5 22. Nd5 Qe5 23. Bd4 Qh5 24. Bxc5 dxc5 25.
Ne7+ Kf8 26. Qh8+ Kxe7 27. Qxa8 Qg5 28. Rd1 Qe3+ 29. Kh1 Qe2 30. Qd5 Nf6 31. Qd6+ 1-0

[Event "Late-Titled-Tuesday-Blitz-April-16-2024"]
[Site "Chess.com"]
[Date "2024.04.16"]
[Round "2"]
[White "SergioMoralesG"]
[Black "Aragon"]
[Result "1-0"]
[WhiteElo "2438"]
[BlackElo "2063"]
[TimeControl "180+1"]
[EndTime "14:15:08 PDT"]
[Termination "SergioMoralesG won by resignation"]

1. d4 b5 2. e4 a6 3. Nf3 Bb7 4. Bd3 e6 5. O-O Nf6 6. Re1 d5 7. exd5 Nxd5 8. a4 b4 9. Nbd2 c5 10. Ne4 Nd7 11. Ne5 cxd4 12. Nxf7 Kxf7 13. Ng5+ Kg8 14. Qh5 g6 15. Bxg6 e5 16. Bf7+ Kg7 17. Ne6+ 1-0